WCHLSIM.com - West Coast Hockey League
Dernière mise à jour: 2025-12-07 16:11:59
html PUBLIC "-//W3C//DTD XHTML 1.0 Transitional//EN" "http://www.w3.org/TR/xhtml1/DTD/xhtml1-transitional.dtd"> WCHL - Game 927 - OAKLAND GORILLAS vs ANAHEIM OUTLAWS

OAKLAND GORILLAS vs ANAHEIM OUTLAWS

Created - 2 mars 2025 at 08:15

Goals
1 2 3 OT1 T
OAKLAND GORILLAS 2 0 2 1 5
ANAHEIM OUTLAWS 4 0 0 0 4
Shots
1 2 3 OT1 T
OAKLAND GORILLAS 10 5 6 1 22
ANAHEIM OUTLAWS 20 15 13 1 49

1st period

1. ANAHEIM OUTLAWS , Carter Verhaeghe 16 (Morgan Rielly 27, Jeff Skinner 19) at 4:27
2. OAKLAND GORILLAS , Brad Lambert 4 (Logan Couture 14) at 4:40
3. OAKLAND GORILLAS , Barclay Goodrow 3 (Colton Sissons 26) at 7:25 (PP)
4. ANAHEIM OUTLAWS , Adrian Kempe 21 (Noah Hanifin 13, Michael Rasmussen 12) at 16:02
5. ANAHEIM OUTLAWS , Jacob Trouba 5 (Jeff Skinner 20, Morgan Rielly 28) at 16:42
6. ANAHEIM OUTLAWS , Jacob Trouba 6 (Morgan Rielly 29, Michael Bunting 20) at 19:56 (PP)

Penalties :
Joey Anderson (ANA) for High sticking (Minor) at 7:21, Justin Holl (OAK) for Hooking (Minor) at 7:56, Alex Killorn (OAK) for Holding (Minor) at 13:34, Oliver Ekman-Larsson (ANA) for Slashing (Minor) at 17:01, Milan Lucic (OAK) for High sticking (Minor) at 19:25

2nd period

No Goal

Penalties :
Robert Bortuzzo (OAK) for Holding (Minor) at 6:52

3rd period

7. OAKLAND GORILLAS , Brad Lambert 5 (Eric Robinson 2, Logan Couture 15) at 2:43
8. OAKLAND GORILLAS , Barclay Goodrow 4 (Colton Sissons 27, Robert Bortuzzo 3) at 10:50

Penalties :
Robert Bortuzzo (OAK) for Hooking (Minor) at 4:51, Dante Fabbro (OAK) for Hooking (Minor) at 8:25

Overtime #1

9. OAKLAND GORILLAS , Boris Katchouk 1 (Dmitri Orlov 9, Alex Killorn 31) at 0:25

Penalties :
No Penalty

Goalie Stats

Frederik Andersen (OAK), 29 saves from 29 shots - (1,000), W, 7-15-1, 40:30 minutes
Tristan Jarry (OAK), 16 saves from 20 shots - (0,800), 19:56 minutes
Mackenzie Blackwood (ANA), 17 saves from 22 shots - (0,773), OTL, 6-3-2, 60:26 minutes

Players Stats for OAKLAND GORILLAS

Player Name              G  A  P  +/- PIM S  H  SB GA TA FO     MP     PP MP  PK MP  
------------------------------------------------------------------------------------
Alex Killorn             0  1  1   1  2   1  0  0  0  0  3/4    21:05   1:02   4:31 
Andrei Svechnikov        0  0  0   0  0   4  4  0  0  0  6/8    21:34   1:02   5:25 
Barclay Goodrow          2  0  2   0  0   4  1  0  0  0  1/2    15:17   1:01   0:30 
Boris Katchouk           1  0  1   0  0   2  0  0  0  0  0/1    10:23   0:00   0:25 
Brad Lambert             2  0  2   1  0   4  0  0  0  0  0/1    10:10   0:00   0:00 
Colton Sissons           0  2  2   0  0   1  0  1  0  0  22/28  18:51   1:01   4:04 
Dante Fabbro             0  0  0  -1  2   0  1  2  0  0  0/0    21:01   1:02   3:09 
Dmitri Orlov             0  1  1   1  0   1  4  2  0  0  0/0    24:51   1:01   6:17 
Eric Robinson            0  1  1   1  0   2  0  0  0  0  3/10   17:08   1:01   5:57 
Jimmy Schuldt            0  0  0   1  0   1  0  0  0  0  0/0    15:27   0:00   1:54 
Justin Holl              0  0  0  -1  2   0  0  0  0  0  0/0    20:03   1:02   3:15 
Logan Couture            0  2  2   1  0   0  0  0  0  0  9/13   11:12   1:02   0:00 
Michael Eyssimont        0  0  0  -1  0   1  0  0  0  0  2/9     8:28   0:00   0:00 
Milan Lucic              0  0  0  -1  2   0  0  0  0  0  0/0     8:27   0:00   0:00 
Nicolas Hague            0  0  0   0  0   0  0  3  0  0  0/0    24:25   1:01   6:17 
Robert Bortuzzo          0  1  1   1  4   0  4  1  0  0  0/0    13:31   0:00   0:00 
Ryan Lomberg             0  0  0   0  0   1  3  0  0  0  0/0    13:46   0:00   0:00 
Sonny Milano             0  0  0   0  0   0  0  0  0  0  3/16   15:07   0:00   0:00 

Players Stats for ANAHEIM OUTLAWS

Player Name              G  A  P  +/- PIM S  H  SB GA TA FO     MP     PP MP  PK MP  
------------------------------------------------------------------------------------
Adrian Kempe             1  0  1   0  0   9  1  0  0  0  11/26  17:31   0:00   0:00 
Carter Verhaeghe         1  0  1   1  0   8  1  0  0  0  7/20   25:33   5:19   0:00 
David Gustafsson         0  0  0  -1  0   0  1  0  0  0  1/2     7:50   0:00   0:00 
Dylan Coghlan            0  0  0   0  0   0  0  0  0  0  0/0     0:59   0:00   0:59 
Henri Jokiharju          0  0  0   0  0   0  1  1  0  0  0/0    21:58   4:28   0:50 
Jack Quinn               0  0  0   0  0   1  1  0  0  0  0/2    14:11   5:07   1:16 
Jacob Trouba             2  0  2   1  0   3  3  1  0  0  0/0    25:35   5:58   1:04 
Jeff Skinner             0  2  2   1  0   2  0  0  0  0  16/26  18:29   5:07   0:47 
Joey Anderson            0  0  0  -2  2   2  0  0  0  0  1/1    10:11   0:00   0:00 
Kent Johnson             0  0  0  -1  0   2  0  0  0  0  0/0     9:46   0:00   0:00 
Kevin Fiala              0  0  0   0  0   7  1  0  0  0  1/1    23:43   5:19   0:47 
Michael Bunting          0  1  1   1  0   6  0  0  0  0  0/0    17:42   5:07   0:00 
Michael Rasmussen        0  1  1   0  0   3  2  0  0  0  1/2    17:31   0:00   0:00 
Morgan Rielly            0  3  3   0  0   3  0  1  0  0  0/0    26:10   5:58   1:13 
Noah Hanifin             0  1  1  -1  0   1  0  2  0  0  0/0    12:18   0:00   0:00 
Oliver Ekman-Larsson     0  0  0   0  2   0  2  2  0  0  0/0    21:07   4:28   0:00 
Pius Suter               0  0  0  -1  0   2  1  0  0  0  5/12   16:21   5:19   1:16 
Ryan Johnson             0  0  0  -1  0   0  1  0  0  0  0/0    12:18   0:00   0:00 

3 Stars

1 - Jacob Trouba (ANA)
2 - Brad Lambert (OAK)
3 - Barclay Goodrow (OAK)

Power Play

OAKLAND GORILLAS - 1 on 2 Attempt(s) - 50,00%
ANAHEIM OUTLAWS - 1 on 6 Attempt(s) - 16,67%

Penalty Kill

OAKLAND GORILLAS - 5 on 6 Attempt(s) - 83,33% - Score 0 goal in Penalty Kill
ANAHEIM OUTLAWS - 1 on 2 Attempt(s) - 50,00% - Score 0 goal in Penalty Kill

Team Stat

OAKLAND GORILLAS - Hits : 17 - Faceoff Wins : 49 - Blocked Shots : 9 - Penalty Minutes : 12
ANAHEIM OUTLAWS - Hits : 15 - Faceoff Wins : 43 - Blocked Shots : 7 - Penalty Minutes : 4

Official

Referees : Dan Kelly and Dan O'Halloran
Linesman : Dennis Urban and Derek Amell

Game Notes

Frederik Andersen enters game at 19:56 of 1st period

Finance

Level 1 -- Attendance: 4356 (67,02%) -- Ticket Income 849 420 $
Level 2 -- Attendance: 4020 (73,09%) -- Ticket Income 522 600 $
Level 3 -- Attendance: 2322 (92,88%) -- Ticket Income 208 980 $
Level 4 -- Attendance: 3607 (72,14%) -- Ticket Income 270 525 $
Luxury Box -- Attendance: 707 (70,70%) -- Ticket Income 282 800 $
Game was played at the Bouch Garden.
Total Attendance: 15012 (73,23%)
Total Ticket Income: 2 134 325 $
Other Expense: 21 343 $
Total Income: 2 112 982 $

OAKLAND GORILLAS

5 vs 5 Forward 
   Center                   Left Wing                Right Wing               Time % Phy DF OF 
 1 Sonny Milano             Alex Killorn             Andrei Svechnikov        36     1   2  2  
 2 Colton Sissons           Ryan Lomberg             Barclay Goodrow          31     1   2  2  
 3 Logan Couture            Eric Robinson            Brad Lambert             23     1   2  2  
 4 Michael Eyssimont        Milan Lucic              Boris Katchouk           10     1   2  2  

5 vs 5 Defense 
   Defense                  Defense                                           Time % Phy DF OF 
 1 Dmitri Orlov             Nicolas Hague                                     36     1   2  2  
 2 Dante Fabbro             Justin Holl                                       31     1   2  2  
 3 Robert Bortuzzo          Jimmy Schuldt                                     23     1   2  2  
 4 Dmitri Orlov             Nicolas Hague                                     10     1   2  2  

PowerPlay Forward 
   Center                   Left Wing                Right Wing               Time % Phy DF OF 
 1 Logan Couture            Alex Killorn             Andrei Svechnikov        55     1   2  2  
 2 Colton Sissons           Eric Robinson            Barclay Goodrow          45     1   2  2  

PowerPlay Defense
   Defense                  Defense                                           Time % Phy DF OF 
 1 Dmitri Orlov             Nicolas Hague                                     55     1   2  2  
 2 Dante Fabbro             Justin Holl                                       45     1   2  2  

Penalty Kill 4 Players Forward 
   Center                   Wing                     Time % Phy DF OF 
 1 Eric Robinson            Alex Killorn             55     1   2  2  
 2 Andrei Svechnikov        Colton Sissons           45     1   2  2  

Penalty Kill 4 Players Defense
   Defense                  Defense                  Time % Phy DF OF 
 1 Dmitri Orlov             Nicolas Hague            55     1   2  2  
 2 Dante Fabbro             Justin Holl              45     1   2  2  

Penalty Kill - 3 Players Forward 
   Forward                                           Time % Phy DF OF 
 1 Andrei Svechnikov                                 55     1   2  2  
 2 Alex Killorn                                      45     1   2  2  

Penalty Kill - 3 Players Defense
   Defense                  Defense                  Time % Phy DF OF 
 1 Dmitri Orlov             Nicolas Hague            55     1   2  2  
 2 Dante Fabbro             Justin Holl              45     1   2  2  

4 vs 4 Forward 
   Center                   Wing                     Time % Phy DF OF 
 1 Logan Couture            Alex Killorn             55     1   2  2  
 2 Andrei Svechnikov        Colton Sissons           45     1   2  2  

4 vs 4 Defense
   Defense                  Defense                  Time % Phy DF OF 
 1 Dmitri Orlov             Nicolas Hague            55     1   2  2  
 2 Dante Fabbro             Justin Holl              45     1   2  2  

Last Minutes Offensive
   Center                   Left Wing                Right Wing               Defense                  Defense                  
   Sonny Milano             Alex Killorn             Andrei Svechnikov        Dmitri Orlov             Nicolas Hague            

Last Minutes Defensive
   Center                   Left Wing                Right Wing               Defense                  Defense                  
   Sonny Milano             Alex Killorn             Andrei Svechnikov        Dmitri Orlov             Nicolas Hague            

Goaltenders
Starting : Tristan Jarry            
Backup : Frederik Andersen        

Extra Forwards
Normal : Boris Katchouk, Logan Couture, Eric Robinson - PP : Boris Katchouk, Logan Couture - PK : Eric Robinson
Extra Defensemen
Normal : Robert Bortuzzo, Jimmy Schuldt, Dante Fabbro - PP : Robert Bortuzzo - PK : Jimmy Schuldt, Dante Fabbro
Penalty Shots
Eric Robinson, Alex Killorn, Andrei Svechnikov, Colton Sissons, Logan Couture
Custom OT Lines Forwards
Boris Katchouk, Alex Killorn, Andrei Svechnikov, Colton Sissons, Sonny Milano, Barclay Goodrow, Logan Couture, Eric Robinson, Brad Lambert, Michael Eyssimont
Custom OT Lines Defensemen
Dmitri Orlov, Nicolas Hague, Dante Fabbro, Justin Holl, Robert Bortuzzo

Scratches
Joonas Korpisalo (Healthy), Antti Raanta (Healthy), Pavel Cajan (Healthy)

ANAHEIM OUTLAWS

5 vs 5 Forward 
   Center                   Left Wing                Right Wing               Time % Phy DF OF 
 1 Adrian Kempe             Michael Rasmussen        Kevin Fiala              36     1   2  2  
 2 Jeff Skinner             Michael Bunting          Carter Verhaeghe         31     1   2  2  
 3 Carter Verhaeghe         Jack Quinn               David Gustafsson         23     1   2  2  
 4 Pius Suter               Kent Johnson             Joey Anderson            10     1   2  2  

5 vs 5 Defense 
   Defense                  Defense                                           Time % Phy DF OF 
 1 Morgan Rielly            Jacob Trouba                                      36     1   2  2  
 2 Oliver Ekman-Larsson     Henri Jokiharju                                   31     1   2  2  
 3 Ryan Johnson             Noah Hanifin                                      23     1   2  2  
 4 Morgan Rielly            Jacob Trouba                                      10     1   2  2  

PowerPlay Forward 
   Center                   Left Wing                Right Wing               Time % Phy DF OF 
 1 Carter Verhaeghe         Pius Suter               Kevin Fiala              55     1   2  2  
 2 Jeff Skinner             Michael Bunting          Jack Quinn               45     1   2  2  

PowerPlay Defense
   Defense                  Defense                                           Time % Phy DF OF 
 1 Morgan Rielly            Jacob Trouba                                      55     1   2  2  
 2 Oliver Ekman-Larsson     Henri Jokiharju                                   45     1   2  2  

Penalty Kill 4 Players Forward 
   Center                   Wing                     Time % Phy DF OF 
 1 Jack Quinn               Pius Suter               55     1   2  2  
 2 Kevin Fiala              Jeff Skinner             45     1   2  2  

Penalty Kill 4 Players Defense
   Defense                  Defense                  Time % Phy DF OF 
 1 Morgan Rielly            Jacob Trouba             55     1   2  2  
 2 Oliver Ekman-Larsson     Henri Jokiharju          45     1   2  2  

Penalty Kill - 3 Players Forward 
   Forward                                           Time % Phy DF OF 
 1 Jeff Skinner                                      55     1   2  2  
 2 Kevin Fiala                                       45     1   2  2  

Penalty Kill - 3 Players Defense
   Defense                  Defense                  Time % Phy DF OF 
 1 Morgan Rielly            Jacob Trouba             55     1   2  2  
 2 Oliver Ekman-Larsson     Henri Jokiharju          45     1   2  2  

4 vs 4 Forward 
   Center                   Wing                     Time % Phy DF OF 
 1 Pius Suter               Jack Quinn               55     1   2  2  
 2 Kevin Fiala              Jeff Skinner             45     1   2  2  

4 vs 4 Defense
   Defense                  Defense                  Time % Phy DF OF 
 1 Morgan Rielly            Jacob Trouba             55     1   2  2  
 2 Oliver Ekman-Larsson     Henri Jokiharju          45     1   2  2  

Last Minutes Offensive
   Center                   Left Wing                Right Wing               Defense                  Defense                  
   Carter Verhaeghe         Jeff Skinner             Kevin Fiala              Morgan Rielly            Jacob Trouba             

Last Minutes Defensive
   Center                   Left Wing                Right Wing               Defense                  Defense                  
   Carter Verhaeghe         Jeff Skinner             Kevin Fiala              Morgan Rielly            Jacob Trouba             

Goaltenders
Starting : Mackenzie Blackwood      
Backup : Jacob Markstrom          

Extra Forwards
Normal : Kevin Fiala, Pius Suter, Jack Quinn - PP : Kevin Fiala, Pius Suter - PK : Jack Quinn
Extra Defensemen
Normal : Ryan Johnson, Morgan Rielly, Oliver Ekman-Larsson - PP : Ryan Johnson - PK : Jacob Trouba, Oliver Ekman-Larsson
Penalty Shots
Jack Quinn, Pius Suter, Kevin Fiala, Jeff Skinner, Michael Bunting
Custom OT Lines Forwards
David Gustafsson, Joey Anderson, Kevin Fiala, Jeff Skinner, Michael Rasmussen, Michael Bunting, Pius Suter, Carter Verhaeghe, Jack Quinn, Adrian Kempe
Custom OT Lines Defensemen
Morgan Rielly, Jacob Trouba, Oliver Ekman-Larsson, Henri Jokiharju, Ryan Johnson

Scratches
Alexander Nylander (Healthy), Pierre Engvall (Healthy), Rasmus Ristolainen (Bruised Left Foot Injury), Nikolai Knyzhov (Healthy), Lukas Dostal (Healthy)

% Time on Ice - OAKLAND GORILLAS

Lines # - Real PCT - Wanted PCT - Time Play
Normal Forward
1 - 32% - 36% - 15:07
2 - 29% - 31% - 13:46
3 - 21% - 23% - 10:10
4 - 18% - 10% - 8:28
Normal Defense
1 - 34% - 36% - 15:59
2 - 35% - 31% - 16:51
3 - 29% - 23% - 13:33
4 - 2% - 10% - 1:08
PP Forward
1 - 50% - 55% - 1:02
2 - 50% - 45% - 1:01
PP Defense
1 - 50% - 55% - 1:01
2 - 50% - 45% - 1:02
PK Forward
1 - 61% - 55% - 6:22
2 - 39% - 45% - 4:04
PK Defense
1 - 60% - 55% - 6:17
2 - 40% - 45% - 4:09
PK3 Forward
1 - 0% - 55%
2 - 0% - 45%
PK3 Defense
1 - 0% - 55%
2 - 0% - 45%
44 Forward
1 - 0% - 55%
2 - 0% - 45%
44 Defense
1 - 0% - 55%
2 - 0% - 45%
Last Minute Offensive  - 0:00
Last Minute Defensive  - 0:00
Total
Forward - 60:00
Defense - 60:00

% Time on Ice - ANAHEIM OUTLAWS

Lines # - Real PCT - Wanted PCT - Time Play
Normal Forward
1 - 37% - 36% - 17:31
2 - 26% - 31% - 12:35
3 - 16% - 23% - 7:39
4 - 21% - 10% - 9:46
Normal Defense
1 - 35% - 36% - 16:43
2 - 35% - 31% - 16:40
3 - 26% - 23% - 12:18
4 - 4% - 10% - 1:50
PP Forward
1 - 51% - 55% - 5:19
2 - 49% - 45% - 5:07
PP Defense
1 - 57% - 55% - 5:58
2 - 43% - 45% - 4:28
PK Forward
1 - 62% - 55% - 1:16
2 - 38% - 45% - 0:47
PK Defense
1 - 41% - 55% - 0:50
2 - 59% - 45% - 1:13
PK3 Forward
1 - 0% - 55%
2 - 0% - 45%
PK3 Defense
1 - 0% - 55%
2 - 0% - 45%
44 Forward
1 - 0% - 55%
2 - 0% - 45%
44 Defense
1 - 0% - 55%
2 - 0% - 45%
Last Minute Offensive  - 0:00
Last Minute Defensive  - 0:00
Total
Forward - 60:00
Defense - 60:00

Play-by-Play

1st period


0:01 of 1st period - Adrian Kempe wins face-off versus Andrei Svechnikov in neutral zone.
0:31 of 1st period - Shot by Alex Killorn.
0:31 of 1st period - Shot Misses the Net.
0:33 of 1st period - Shot by Andrei Svechnikov.
0:33 of 1st period - Deflect By Alex Killorn.
0:33 of 1st period - Shot Misses the Net.
0:37 of 1st period - Shot by Andrei Svechnikov.
0:37 of 1st period - Stopped by Mackenzie Blackwood with a rebound.
0:39 of 1st period - Shot by Dmitri Orlov.
0:39 of 1st period - Shot Blocked by Jacob Trouba.
0:41 of 1st period - Shot by Andrei Svechnikov.
0:41 of 1st period - Stopped by Mackenzie Blackwood with a rebound.
1:49 of 1st period - Shot by Kent Johnson.
1:49 of 1st period - Shot Misses the Net.
1:53 of 1st period - Shot by Kent Johnson.
1:53 of 1st period - Stopped by Tristan Jarry without a rebound.
1:54 of 1st period - Colton Sissons wins face-off versus Pius Suter in OAKLAND GORILLAS zone.
2:37 of 1st period - Icing by Barclay Goodrow.
2:38 of 1st period - Colton Sissons wins face-off versus Carter Verhaeghe in OAKLAND GORILLAS zone.
2:48 of 1st period - Icing by Barclay Goodrow.
2:49 of 1st period - Colton Sissons wins face-off versus Adrian Kempe in OAKLAND GORILLAS zone.
2:59 of 1st period - Shot by Adrian Kempe.
2:59 of 1st period - Stopped by Tristan Jarry without a rebound.
3:00 of 1st period - Logan Couture wins face-off versus Carter Verhaeghe in OAKLAND GORILLAS zone.
3:20 of 1st period - Shot by Carter Verhaeghe.
3:20 of 1st period - Shot Misses the Net.
3:40 of 1st period - Shot by Eric Robinson.
3:40 of 1st period - Stopped by Mackenzie Blackwood without a rebound.
3:41 of 1st period - Adrian Kempe wins face-off versus Michael Eyssimont in ANAHEIM OUTLAWS zone.
3:49 of 1st period - Shot by Michael Rasmussen.
3:49 of 1st period - Stopped by Tristan Jarry without a rebound.
3:50 of 1st period - Michael Eyssimont wins face-off versus Adrian Kempe in OAKLAND GORILLAS zone.
4:14 of 1st period - Icing by Oliver Ekman-Larsson.
4:15 of 1st period - Colton Sissons wins face-off versus Adrian Kempe in ANAHEIM OUTLAWS zone.
4:16 of 1st period - Shot by Barclay Goodrow.
4:16 of 1st period - Stopped by Mackenzie Blackwood without a rebound.
4:17 of 1st period - Jeff Skinner wins face-off versus Logan Couture in ANAHEIM OUTLAWS zone.
4:27 of 1st period - Shot by Carter Verhaeghe.
4:27 of 1st period - Goal by Carter Verhaeghe - OAKLAND GORILLAS : 0 - ANAHEIM OUTLAWS : 1.
4:28 of 1st period - Colton Sissons wins face-off versus Carter Verhaeghe in neutral zone.
4:28 of 1st period - Colton Sissons is hit by David Gustafsson.
4:38 of 1st period - Shot by Ryan Lomberg.
4:38 of 1st period - Stopped by Mackenzie Blackwood without a rebound.
4:39 of 1st period - Logan Couture wins face-off versus Jeff Skinner in ANAHEIM OUTLAWS zone.
4:40 of 1st period - Shot by Brad Lambert.
4:40 of 1st period - Goal by Brad Lambert - OAKLAND GORILLAS : 1 - ANAHEIM OUTLAWS : 1.
4:41 of 1st period - Logan Couture wins face-off versus Jeff Skinner in neutral zone.
4:46 of 1st period - Shot by Eric Robinson.
4:46 of 1st period - Shot Blocked by Morgan Rielly.
4:48 of 1st period - Shot by Brad Lambert.
4:48 of 1st period - Stopped by Mackenzie Blackwood without a rebound.
4:49 of 1st period - Colton Sissons wins face-off versus Jeff Skinner in ANAHEIM OUTLAWS zone.
4:49 of 1st period - Colton Sissons is hit by Jacob Trouba.
4:56 of 1st period - Colton Sissons is hit by Jacob Trouba and loses puck.
5:36 of 1st period - Off-side.
5:37 of 1st period - Logan Couture wins face-off versus Adrian Kempe in neutral zone.
5:43 of 1st period - Shot by Adrian Kempe.
5:43 of 1st period - Shot Misses the Net.
5:45 of 1st period - Shot by Michael Rasmussen.
5:45 of 1st period - Deflect By Adrian Kempe.
5:45 of 1st period - Shot Misses the Net.
6:44 of 1st period - Alex Killorn is hit by Ryan Johnson and loses puck.
7:09 of 1st period - Icing by Noah Hanifin.
7:10 of 1st period - Pius Suter wins face-off versus Barclay Goodrow in ANAHEIM OUTLAWS zone.
7:10 of 1st period - Pius Suter is hit by Ryan Lomberg.
7:21 of 1st period - Minor Penalty to Joey Anderson for High sticking.
7:22 of 1st period - Colton Sissons wins face-off versus Jack Quinn in ANAHEIM OUTLAWS zone.
7:25 of 1st period - Shot by Barclay Goodrow.
7:25 of 1st period - Goal by Barclay Goodrow - OAKLAND GORILLAS : 2 - ANAHEIM OUTLAWS : 1.
7:26 of 1st period - David Gustafsson wins face-off versus Michael Eyssimont in neutral zone.
7:47 of 1st period - Shot by Jack Quinn.
7:47 of 1st period - Stopped by Tristan Jarry without a rebound.
7:48 of 1st period - Adrian Kempe wins face-off versus Colton Sissons in OAKLAND GORILLAS zone.
7:56 of 1st period - Minor Penalty to Justin Holl for Hooking.
7:57 of 1st period - Eric Robinson wins face-off versus Carter Verhaeghe in OAKLAND GORILLAS zone.
8:18 of 1st period - Shot by Morgan Rielly.
8:18 of 1st period - Stopped by Tristan Jarry without a rebound.
8:19 of 1st period - Andrei Svechnikov wins face-off versus Jeff Skinner in OAKLAND GORILLAS zone.
8:40 of 1st period - Shot by Michael Bunting.
8:40 of 1st period - Stopped by Tristan Jarry without a rebound.
8:41 of 1st period - Carter Verhaeghe wins face-off versus Eric Robinson in OAKLAND GORILLAS zone.
8:42 of 1st period - Shot by Morgan Rielly.
8:42 of 1st period - Shot Blocked by Nicolas Hague.
9:15 of 1st period - Shot by Kevin Fiala.
9:15 of 1st period - Shot Misses the Net.
9:59 of 1st period - Shot by Adrian Kempe.
9:59 of 1st period - Stopped by Tristan Jarry without a rebound.
10:00 of 1st period - Colton Sissons wins face-off versus Adrian Kempe in OAKLAND GORILLAS zone.
10:00 of 1st period - Colton Sissons is hit by Michael Rasmussen.
10:09 of 1st period - Icing by Dante Fabbro.
10:10 of 1st period - Jeff Skinner wins face-off versus Colton Sissons in OAKLAND GORILLAS zone.
10:11 of 1st period - Shot by Carter Verhaeghe.
10:11 of 1st period - Stopped by Tristan Jarry with a rebound.
10:41 of 1st period - Shot by Carter Verhaeghe.
10:41 of 1st period - Shot Blocked by Colton Sissons.
10:56 of 1st period - Off-side.
10:57 of 1st period - Sonny Milano wins face-off versus Adrian Kempe in neutral zone.
10:57 of 1st period - Andrei Svechnikov is hit by Michael Rasmussen and loses puck.
11:02 of 1st period - Shot by Kevin Fiala.
11:02 of 1st period - Stopped by Tristan Jarry without a rebound.
11:03 of 1st period - Sonny Milano wins face-off versus Adrian Kempe in OAKLAND GORILLAS zone.
11:40 of 1st period - Shot by Adrian Kempe.
11:40 of 1st period - Stopped by Tristan Jarry with a rebound.
11:42 of 1st period - Shot by Morgan Rielly.
11:42 of 1st period - Stopped by Tristan Jarry without a rebound.
11:43 of 1st period - Logan Couture wins face-off versus Pius Suter in OAKLAND GORILLAS zone.
12:05 of 1st period - Shot by Logan Couture.
12:05 of 1st period - Deflect By Brad Lambert.
12:05 of 1st period - Shot Misses the Net.
12:07 of 1st period - Shot by Logan Couture.
12:07 of 1st period - Shot Misses the Net.
12:09 of 1st period - Shot by Jimmy Schuldt.
12:09 of 1st period - Stopped by Mackenzie Blackwood without a rebound.
12:10 of 1st period - Colton Sissons wins face-off versus Carter Verhaeghe in ANAHEIM OUTLAWS zone.
12:11 of 1st period - Shot by Barclay Goodrow.
12:11 of 1st period - Shot Misses the Net.
12:27 of 1st period - Shot by Colton Sissons.
12:27 of 1st period - Deflect By Ryan Lomberg.
12:27 of 1st period - Shot Blocked by Henri Jokiharju.
13:34 of 1st period - Minor Penalty to Alex Killorn for Holding.
13:35 of 1st period - Jeff Skinner wins face-off versus Eric Robinson in OAKLAND GORILLAS zone.
13:42 of 1st period - Shot by Michael Bunting.
13:42 of 1st period - Stopped by Tristan Jarry without a rebound.
13:43 of 1st period - Pius Suter wins face-off versus Eric Robinson in OAKLAND GORILLAS zone.
13:52 of 1st period - Shot by Carter Verhaeghe.
13:52 of 1st period - Stopped by Tristan Jarry without a rebound.
13:53 of 1st period - Jeff Skinner wins face-off versus Andrei Svechnikov in OAKLAND GORILLAS zone.
14:19 of 1st period - Jeff Skinner is hit by Dante Fabbro and loses puck.
14:57 of 1st period - Shot by Pius Suter.
14:57 of 1st period - Stopped by Tristan Jarry without a rebound.
14:58 of 1st period - Andrei Svechnikov wins face-off versus Carter Verhaeghe in OAKLAND GORILLAS zone.
15:06 of 1st period - Off-side.
15:07 of 1st period - Andrei Svechnikov wins face-off versus Carter Verhaeghe in neutral zone.
15:34 of 1st period - Shot by Kevin Fiala.
15:34 of 1st period - Stopped by Tristan Jarry without a rebound.
15:35 of 1st period - Colton Sissons wins face-off versus Adrian Kempe in OAKLAND GORILLAS zone.
15:50 of 1st period - Shot by Kevin Fiala.
15:50 of 1st period - Stopped by Tristan Jarry with a rebound.
16:02 of 1st period - Shot by Adrian Kempe.
16:02 of 1st period - Goal by Adrian Kempe - OAKLAND GORILLAS : 2 - ANAHEIM OUTLAWS : 2.
16:03 of 1st period - Jeff Skinner wins face-off versus Michael Eyssimont in neutral zone.
16:40 of 1st period - Shot by Jeff Skinner.
16:40 of 1st period - Shot Misses the Net.
16:42 of 1st period - Shot by Jacob Trouba.
16:42 of 1st period - Goal by Jacob Trouba - OAKLAND GORILLAS : 2 - ANAHEIM OUTLAWS : 3.
16:43 of 1st period - Adrian Kempe wins face-off versus Sonny Milano in neutral zone.
17:01 of 1st period - Minor Penalty to Oliver Ekman-Larsson for Slashing.
17:02 of 1st period - Colton Sissons wins face-off versus Jack Quinn in ANAHEIM OUTLAWS zone.
17:20 of 1st period - Colton Sissons is hit by Jack Quinn and loses puck.
17:29 of 1st period - Shot by Nicolas Hague.
17:29 of 1st period - Shot Misses the Net.
17:31 of 1st period - Shot by Barclay Goodrow.
17:31 of 1st period - Shot Misses the Net.
18:53 of 1st period - Shot by Kevin Fiala.
18:53 of 1st period - Shot Misses the Net.
19:06 of 1st period - Shot by Boris Katchouk.
19:06 of 1st period - Stopped by Mackenzie Blackwood with a rebound.
19:25 of 1st period - Minor Penalty to Milan Lucic for High sticking.
19:26 of 1st period - Andrei Svechnikov wins face-off versus Jeff Skinner in OAKLAND GORILLAS zone.
19:34 of 1st period - Off-side.
19:35 of 1st period - Jeff Skinner wins face-off versus Eric Robinson in neutral zone.
19:48 of 1st period - Shot by Jack Quinn.
19:48 of 1st period - Shot Misses the Net.
19:50 of 1st period - Shot by Michael Bunting.
19:50 of 1st period - Shot Misses the Net.
19:52 of 1st period - Shot by Morgan Rielly.
19:52 of 1st period - Shot Misses the Net.
19:54 of 1st period - Shot by Morgan Rielly.
19:54 of 1st period - Shot Misses the Net.
19:56 of 1st period - Shot by Jacob Trouba.
19:56 of 1st period - Goal by Jacob Trouba - OAKLAND GORILLAS : 2 - ANAHEIM OUTLAWS : 4.
19:56 of 1st period - Frederik Andersen enters game.
19:57 of 1st period - Colton Sissons wins face-off versus Pius Suter in neutral zone.
Goals for this period are 2 for OAKLAND GORILLAS vs 4 for ANAHEIM OUTLAWS.
Shots for this period are 10 for OAKLAND GORILLAS vs 20 for ANAHEIM OUTLAWS.

2nd period


0:01 of 2nd period - Jeff Skinner wins face-off versus Sonny Milano in neutral zone.
0:20 of 2nd period - Shot by Michael Bunting.
0:20 of 2nd period - Stopped by Frederik Andersen without a rebound.
0:21 of 2nd period - Adrian Kempe wins face-off versus Logan Couture in OAKLAND GORILLAS zone.
0:35 of 2nd period - Shot by Kevin Fiala.
0:35 of 2nd period - Stopped by Frederik Andersen without a rebound.
0:36 of 2nd period - Jeff Skinner wins face-off versus Sonny Milano in OAKLAND GORILLAS zone.
0:36 of 2nd period - Morgan Rielly is hit by Dmitri Orlov and loses puck.
0:49 of 2nd period - Carter Verhaeghe is hit by Dmitri Orlov and loses puck.
0:57 of 2nd period - Jeff Skinner is hit by Dmitri Orlov and loses puck.
1:12 of 2nd period - Shot by Carter Verhaeghe.
1:12 of 2nd period - Deflect By Jeff Skinner.
1:12 of 2nd period - Stopped by Frederik Andersen without a rebound.
1:13 of 2nd period - Logan Couture wins face-off versus Adrian Kempe in OAKLAND GORILLAS zone.
1:13 of 2nd period - Logan Couture is hit by Adrian Kempe.
1:18 of 2nd period - Brad Lambert is hit by Henri Jokiharju and loses puck.
1:51 of 2nd period - Shot by Kevin Fiala.
1:51 of 2nd period - Shot Misses the Net.
3:43 of 2nd period - Shot by Kent Johnson.
3:43 of 2nd period - Stopped by Frederik Andersen without a rebound.
3:44 of 2nd period - Colton Sissons wins face-off versus Michael Rasmussen in OAKLAND GORILLAS zone.
3:46 of 2nd period - Icing by Barclay Goodrow.
3:47 of 2nd period - Colton Sissons wins face-off versus Adrian Kempe in OAKLAND GORILLAS zone.
4:10 of 2nd period - Shot by Colton Sissons.
4:10 of 2nd period - Stopped by Mackenzie Blackwood without a rebound.
4:11 of 2nd period - Jeff Skinner wins face-off versus Michael Eyssimont in ANAHEIM OUTLAWS zone.
4:25 of 2nd period - Shot by Carter Verhaeghe.
4:25 of 2nd period - Deflect By Michael Bunting.
4:25 of 2nd period - Stopped by Frederik Andersen without a rebound.
4:26 of 2nd period - Colton Sissons wins face-off versus Pius Suter in OAKLAND GORILLAS zone.
4:45 of 2nd period - Shot by Kent Johnson.
4:45 of 2nd period - Shot Misses the Net.
4:47 of 2nd period - Shot by Joey Anderson.
4:47 of 2nd period - Stopped by Frederik Andersen without a rebound.
4:48 of 2nd period - Jeff Skinner wins face-off versus Logan Couture in OAKLAND GORILLAS zone.
4:59 of 2nd period - Shot by Michael Bunting.
4:59 of 2nd period - Stopped by Frederik Andersen without a rebound.
5:00 of 2nd period - Adrian Kempe wins face-off versus Sonny Milano in OAKLAND GORILLAS zone.
5:41 of 2nd period - Andrei Svechnikov is hit by Jacob Trouba and loses puck.
6:52 of 2nd period - Minor Penalty to Robert Bortuzzo for Holding.
6:53 of 2nd period - Carter Verhaeghe wins face-off versus Eric Robinson in OAKLAND GORILLAS zone.
7:04 of 2nd period - Shot by Carter Verhaeghe.
7:04 of 2nd period - Stopped by Frederik Andersen without a rebound.
7:05 of 2nd period - Andrei Svechnikov wins face-off versus Carter Verhaeghe in OAKLAND GORILLAS zone.
7:16 of 2nd period - Shot by Morgan Rielly.
7:16 of 2nd period - Shot Blocked by Dante Fabbro.
7:40 of 2nd period - Off-side.
7:41 of 2nd period - Jeff Skinner wins face-off versus Eric Robinson in neutral zone.
8:24 of 2nd period - Oliver Ekman-Larsson is hit by Andrei Svechnikov and loses puck.
9:13 of 2nd period - Shot by Noah Hanifin.
9:13 of 2nd period - Stopped by Frederik Andersen without a rebound.
9:14 of 2nd period - Michael Rasmussen wins face-off versus Brad Lambert in OAKLAND GORILLAS zone.
9:15 of 2nd period - Shot by Adrian Kempe.
9:15 of 2nd period - Deflect By Michael Rasmussen.
9:15 of 2nd period - Shot Misses the Net.
9:25 of 2nd period - Shot by Logan Couture.
9:25 of 2nd period - Shot Misses the Net.
9:44 of 2nd period - Shot by Brad Lambert.
9:44 of 2nd period - Shot Misses the Net.
9:46 of 2nd period - Shot by Logan Couture.
9:46 of 2nd period - Shot Misses the Net.
10:01 of 2nd period - Shot by Michael Eyssimont.
10:01 of 2nd period - Stopped by Mackenzie Blackwood with a rebound.
11:11 of 2nd period - Shot by Alex Killorn.
11:11 of 2nd period - Stopped by Mackenzie Blackwood without a rebound.
11:12 of 2nd period - Pius Suter wins face-off versus Colton Sissons in ANAHEIM OUTLAWS zone.
11:12 of 2nd period - Kent Johnson is hit by Ryan Lomberg.
11:21 of 2nd period - Icing by Nicolas Hague.
11:22 of 2nd period - Colton Sissons wins face-off versus Pius Suter in OAKLAND GORILLAS zone.
11:29 of 2nd period - Shot by Colton Sissons.
11:29 of 2nd period - Shot Blocked by Oliver Ekman-Larsson.
12:03 of 2nd period - Icing by Dmitri Orlov.
12:04 of 2nd period - Colton Sissons wins face-off versus Jeff Skinner in OAKLAND GORILLAS zone.
12:21 of 2nd period - Shot by Andrei Svechnikov.
12:21 of 2nd period - Shot Hit the Post.
12:26 of 2nd period - Morgan Rielly is hit by Robert Bortuzzo and loses puck.
12:32 of 2nd period - Carter Verhaeghe is hit by Robert Bortuzzo and loses puck.
13:34 of 2nd period - Shot by Kevin Fiala.
13:34 of 2nd period - Shot Blocked by Dante Fabbro.
13:36 of 2nd period - Shot by Kevin Fiala.
13:36 of 2nd period - Stopped by Frederik Andersen with a rebound.
13:42 of 2nd period - Shot by Adrian Kempe.
13:42 of 2nd period - Stopped by Frederik Andersen without a rebound.
13:43 of 2nd period - Pius Suter wins face-off versus Michael Eyssimont in OAKLAND GORILLAS zone.
14:00 of 2nd period - Shot by Pius Suter.
14:00 of 2nd period - Stopped by Frederik Andersen without a rebound.
14:01 of 2nd period - Barclay Goodrow wins face-off versus Carter Verhaeghe in OAKLAND GORILLAS zone.
14:15 of 2nd period - Icing by Morgan Rielly.
14:16 of 2nd period - Logan Couture wins face-off versus Carter Verhaeghe in ANAHEIM OUTLAWS zone.
14:17 of 2nd period - Shot by Dmitri Orlov.
14:17 of 2nd period - Stopped by Mackenzie Blackwood without a rebound.
14:18 of 2nd period - Jeff Skinner wins face-off versus Colton Sissons in ANAHEIM OUTLAWS zone.
14:18 of 2nd period - Jeff Skinner is hit by Ryan Lomberg.
14:21 of 2nd period - Michael Bunting is hit by Barclay Goodrow.
14:23 of 2nd period - Shot by Carter Verhaeghe.
14:23 of 2nd period - Stopped by Frederik Andersen without a rebound.
14:24 of 2nd period - Jeff Skinner wins face-off versus Colton Sissons in OAKLAND GORILLAS zone.
15:12 of 2nd period - Carter Verhaeghe is hit by Andrei Svechnikov and loses puck.
15:49 of 2nd period - Oliver Ekman-Larsson is hit by Andrei Svechnikov and loses puck.
16:20 of 2nd period - Shot by Eric Robinson.
16:20 of 2nd period - Shot Misses the Net.
16:30 of 2nd period - Shot by Brad Lambert.
16:30 of 2nd period - Stopped by Mackenzie Blackwood without a rebound.
16:31 of 2nd period - Kevin Fiala wins face-off versus Boris Katchouk in ANAHEIM OUTLAWS zone.
17:27 of 2nd period - Icing by Kevin Fiala.
17:28 of 2nd period - Andrei Svechnikov wins face-off versus Adrian Kempe in ANAHEIM OUTLAWS zone.
17:29 of 2nd period - Shot by Alex Killorn.
17:29 of 2nd period - Deflect By Andrei Svechnikov.
17:29 of 2nd period - Shot Misses the Net.
17:59 of 2nd period - Shot by Joey Anderson.
17:59 of 2nd period - Stopped by Frederik Andersen without a rebound.
18:00 of 2nd period - Colton Sissons wins face-off versus Pius Suter in OAKLAND GORILLAS zone.
18:52 of 2nd period - Icing by Justin Holl.
18:53 of 2nd period - Colton Sissons wins face-off versus Adrian Kempe in OAKLAND GORILLAS zone.
19:18 of 2nd period - Shot by Morgan Rielly.
19:18 of 2nd period - Shot Misses the Net.
19:20 of 2nd period - Shot by Adrian Kempe.
19:20 of 2nd period - Stopped by Frederik Andersen without a rebound.
19:21 of 2nd period - Logan Couture wins face-off versus Carter Verhaeghe in OAKLAND GORILLAS zone.
Goals for this period are 0 for OAKLAND GORILLAS vs 0 for ANAHEIM OUTLAWS.
Shots for this period are 5 for OAKLAND GORILLAS vs 15 for ANAHEIM OUTLAWS.

3rd period


0:01 of 3rd period - Carter Verhaeghe wins face-off versus Sonny Milano in neutral zone.
0:07 of 3rd period - Icing by Dmitri Orlov.
0:08 of 3rd period - Sonny Milano wins face-off versus Jeff Skinner in OAKLAND GORILLAS zone.
0:20 of 3rd period - Icing by Andrei Svechnikov.
0:21 of 3rd period - Adrian Kempe wins face-off versus Sonny Milano in OAKLAND GORILLAS zone.
0:31 of 3rd period - Alex Killorn is hit by Kevin Fiala and loses puck.
0:37 of 3rd period - Nicolas Hague is hit by Oliver Ekman-Larsson and loses puck.
0:40 of 3rd period - Shot by Alex Killorn.
0:40 of 3rd period - Shot Misses the Net.
0:42 of 3rd period - Shot by Alex Killorn.
0:42 of 3rd period - Shot Blocked by Oliver Ekman-Larsson.
1:09 of 3rd period - Alex Killorn is hit by Oliver Ekman-Larsson and loses puck.
1:49 of 3rd period - Shot by Carter Verhaeghe.
1:49 of 3rd period - Shot Misses the Net.
2:03 of 3rd period - Icing by Colton Sissons.
2:04 of 3rd period - Colton Sissons wins face-off versus Pius Suter in OAKLAND GORILLAS zone.
2:04 of 3rd period - Colton Sissons is hit by Pius Suter.
2:39 of 3rd period - Shot by Brad Lambert.
2:39 of 3rd period - Shot Blocked by Noah Hanifin.
2:41 of 3rd period - Shot by Eric Robinson.
2:41 of 3rd period - Shot Misses the Net.
2:43 of 3rd period - Shot by Brad Lambert.
2:43 of 3rd period - Goal by Brad Lambert - OAKLAND GORILLAS : 3 - ANAHEIM OUTLAWS : 4.
2:44 of 3rd period - Michael Eyssimont wins face-off versus Jeff Skinner in neutral zone.
2:50 of 3rd period - Shot by Jeff Skinner.
2:50 of 3rd period - Shot Blocked by Dmitri Orlov.
3:20 of 3rd period - Shot by Morgan Rielly.
3:20 of 3rd period - Stopped by Frederik Andersen without a rebound.
3:21 of 3rd period - Adrian Kempe wins face-off versus Sonny Milano in OAKLAND GORILLAS zone.
3:22 of 3rd period - Shot by Kevin Fiala.
3:22 of 3rd period - Shot Blocked by Robert Bortuzzo.
3:24 of 3rd period - Shot by Michael Rasmussen.
3:24 of 3rd period - Shot Misses the Net.
3:26 of 3rd period - Shot by Michael Rasmussen.
3:26 of 3rd period - Stopped by Frederik Andersen without a rebound.
3:27 of 3rd period - Adrian Kempe wins face-off versus Sonny Milano in OAKLAND GORILLAS zone.
3:27 of 3rd period - Adrian Kempe is hit by Robert Bortuzzo.
3:33 of 3rd period - Shot by Adrian Kempe.
3:33 of 3rd period - Stopped by Frederik Andersen without a rebound.
3:34 of 3rd period - Carter Verhaeghe wins face-off versus Sonny Milano in OAKLAND GORILLAS zone.
3:43 of 3rd period - Dante Fabbro is hit by Carter Verhaeghe and loses puck.
4:00 of 3rd period - Shot by Andrei Svechnikov.
4:00 of 3rd period - Stopped by Mackenzie Blackwood without a rebound.
4:01 of 3rd period - Logan Couture wins face-off versus Adrian Kempe in ANAHEIM OUTLAWS zone.
4:22 of 3rd period - Shot by Adrian Kempe.
4:22 of 3rd period - Shot Blocked by Dmitri Orlov.
4:24 of 3rd period - Shot by Michael Rasmussen.
4:24 of 3rd period - Stopped by Frederik Andersen without a rebound.
4:25 of 3rd period - Jeff Skinner wins face-off versus Colton Sissons in OAKLAND GORILLAS zone.
4:30 of 3rd period - Shot by Carter Verhaeghe.
4:30 of 3rd period - Stopped by Frederik Andersen with a rebound.
4:51 of 3rd period - Minor Penalty to Robert Bortuzzo for Hooking.
4:52 of 3rd period - Carter Verhaeghe wins face-off versus Eric Robinson in OAKLAND GORILLAS zone.
5:03 of 3rd period - Shot by Kevin Fiala.
5:03 of 3rd period - Shot Misses the Net.
5:10 of 3rd period - Icing by Pius Suter.
5:11 of 3rd period - Eric Robinson wins face-off versus Carter Verhaeghe in ANAHEIM OUTLAWS zone.
6:09 of 3rd period - Shot by Michael Bunting.
6:09 of 3rd period - Stopped by Frederik Andersen without a rebound.
6:10 of 3rd period - Eric Robinson wins face-off versus Jeff Skinner in OAKLAND GORILLAS zone.
6:55 of 3rd period - Shot by Adrian Kempe.
6:55 of 3rd period - Shot Misses the Net.
7:03 of 3rd period - Shot by Kevin Fiala.
7:03 of 3rd period - Stopped by Frederik Andersen without a rebound.
7:04 of 3rd period - Pius Suter wins face-off versus Logan Couture in OAKLAND GORILLAS zone.
8:16 of 3rd period - Icing by Dante Fabbro.
8:17 of 3rd period - Jeff Skinner wins face-off versus Michael Eyssimont in OAKLAND GORILLAS zone.
8:25 of 3rd period - Minor Penalty to Dante Fabbro for Hooking.
8:26 of 3rd period - Alex Killorn wins face-off versus Jeff Skinner in OAKLAND GORILLAS zone.
8:35 of 3rd period - Shot by Morgan Rielly.
8:35 of 3rd period - Shot Blocked by Nicolas Hague.
8:43 of 3rd period - Shot by Jeff Skinner.
8:43 of 3rd period - Stopped by Frederik Andersen with a rebound.
8:45 of 3rd period - Shot by Jacob Trouba.
8:45 of 3rd period - Stopped by Frederik Andersen with a rebound.
8:47 of 3rd period - Shot by Jacob Trouba.
8:47 of 3rd period - Shot Blocked by Nicolas Hague.
8:49 of 3rd period - Shot by Jacob Trouba.
8:49 of 3rd period - Shot Misses the Net.
9:12 of 3rd period - Michael Bunting is hit by Dmitri Orlov.
9:46 of 3rd period - Shot by Eric Robinson.
9:46 of 3rd period - Stopped by Mackenzie Blackwood without a rebound.
9:47 of 3rd period - Alex Killorn wins face-off versus Carter Verhaeghe in ANAHEIM OUTLAWS zone.
10:10 of 3rd period - Shot by Carter Verhaeghe.
10:10 of 3rd period - Stopped by Frederik Andersen with a rebound.
10:12 of 3rd period - Shot by Kevin Fiala.
10:12 of 3rd period - Deflect By Carter Verhaeghe.
10:12 of 3rd period - Shot Misses the Net.
10:33 of 3rd period - Shot by Adrian Kempe.
10:33 of 3rd period - Stopped by Frederik Andersen without a rebound.
10:34 of 3rd period - Colton Sissons wins face-off versus Adrian Kempe in OAKLAND GORILLAS zone.
10:50 of 3rd period - Shot by Barclay Goodrow.
10:50 of 3rd period - Goal by Barclay Goodrow - OAKLAND GORILLAS : 4 - ANAHEIM OUTLAWS : 4.
10:51 of 3rd period - Carter Verhaeghe wins face-off versus Michael Eyssimont in neutral zone.
11:11 of 3rd period - Shot by Carter Verhaeghe.
11:11 of 3rd period - Stopped by Frederik Andersen without a rebound.
11:12 of 3rd period - Adrian Kempe wins face-off versus Sonny Milano in OAKLAND GORILLAS zone.
11:20 of 3rd period - Icing by Dante Fabbro.
11:21 of 3rd period - Carter Verhaeghe wins face-off versus Sonny Milano in OAKLAND GORILLAS zone.
11:36 of 3rd period - Shot by Andrei Svechnikov.
11:36 of 3rd period - Stopped by Mackenzie Blackwood without a rebound.
11:37 of 3rd period - Colton Sissons wins face-off versus Adrian Kempe in ANAHEIM OUTLAWS zone.
11:42 of 3rd period - Shot by Barclay Goodrow.
11:42 of 3rd period - Shot Misses the Net.
12:04 of 3rd period - Shot by Colton Sissons.
12:04 of 3rd period - Shot Misses the Net.
12:06 of 3rd period - Shot by Dmitri Orlov.
12:06 of 3rd period - Shot Misses the Net.
12:08 of 3rd period - Shot by Nicolas Hague.
12:08 of 3rd period - Shot Misses the Net.
12:10 of 3rd period - Shot by Barclay Goodrow.
12:10 of 3rd period - Stopped by Mackenzie Blackwood without a rebound.
12:11 of 3rd period - Jeff Skinner wins face-off versus Sonny Milano in ANAHEIM OUTLAWS zone.
13:47 of 3rd period - Shot by Adrian Kempe.
13:47 of 3rd period - Stopped by Frederik Andersen with a rebound.
16:38 of 3rd period - Icing by Kevin Fiala.
16:39 of 3rd period - Adrian Kempe wins face-off versus Sonny Milano in ANAHEIM OUTLAWS zone.
16:39 of 3rd period - Adrian Kempe is hit by Andrei Svechnikov.
17:37 of 3rd period - Jeff Skinner is hit by Robert Bortuzzo.
19:17 of 3rd period - Shot by Brad Lambert.
19:17 of 3rd period - Shot Blocked by Noah Hanifin.
Goals for this period are 2 for OAKLAND GORILLAS vs 0 for ANAHEIM OUTLAWS.
Shots for this period are 6 for OAKLAND GORILLAS vs 13 for ANAHEIM OUTLAWS.

Overtime #1


0:01 of 1st overtime period - Joey Anderson wins face-off versus Alex Killorn in neutral zone.
0:14 of 1st overtime period - Shot by Kevin Fiala.
0:14 of 1st overtime period - Stopped by Frederik Andersen without a rebound.
0:15 of 1st overtime period - Alex Killorn wins face-off versus David Gustafsson in OAKLAND GORILLAS zone.
0:25 of 1st overtime period - Shot by Boris Katchouk.
0:25 of 1st overtime period - Goal by Boris Katchouk - OAKLAND GORILLAS : 5 - ANAHEIM OUTLAWS : 4.
Goals for this period are 1 for OAKLAND GORILLAS vs 0 for ANAHEIM OUTLAWS.
Shots for this period are 1 for OAKLAND GORILLAS vs 1 for ANAHEIM OUTLAWS.


MATTHEW
TKACHUK
TOM
WILSON
JAKE
GUENTZEL